 Dungeon Crawl Stone Soup version 0.22.1-1-ga44c0e56f4 (webtiles) character file.

3371 Bapho the Transmogrifier (level 9, -7/117 HPs)
             Began as a Red Draconian Transmuter on Oct 3, 2018.
             Was an Initiate of Ru.
             Mangled by an orc warrior
             ... wielding a +0 scimitar
              (19 damage)
             ... on level 7 of the Dungeon.
             The game lasted 00:14:30 (8197 turns).

Bapho the Transmogrifier (Red Draconian Transmuter) Turns: 8197, Time: 00:14:30

Health: -7/117     AC:  7    Str: 17    XL:     9   Next: 73%
Magic:  7/12       EV: 12    Int: 14    God:    Ru [......]
Gold:   235        SH:  0    Dex: 15    Spells: 1/12 levels left

rFire    + . .     SeeInvis .     - Unarmed
rCold    . . .     Gourm    .   (shield currently unavailable)
rNeg     . . .     Faith    .   (armour unavailable)
rPois    .         Spirit   .   (helmet restricted)
rElec    .         Reflect  .   (no cloak)
rCorr    .         Harm     .   (gloves currently unavailable)
MR       +....                  (no boots)
Stlth    ..........             (no amulet)
HPRegen  0.29/turn              k - ring of stealth
MPRegen  0.13/turn              B - ring of protection from magic

@: berserking, lethally poisoned (-7 -> -13), short of breath, blade hands,
marked, starving, very quick
A: breathe fire, unfitting armour, fire resistance 1, cold-blooded, AC +7
a: Breathe Fire, End Transformation, Renounce Religion


You were on level 7 of the Dungeon.
You worshipped Ru.
Ru was noncommittal.
You were starving.
You had blades for hands.
You visited 2 branches of the dungeon, and saw 8 of its levels.

You collected 235 gold pieces.

Inventory:

Missiles
 a - 101 arrows
 l - 139 stones (quivered)
Jewellery
 k - a ring of stealth (left scythe-like blade)
 v - an uncursed ring of fire
 x - an uncursed ring of attention
 B - a ring of protection from magic (right scythe-like blade)
Wands
 d - a wand of random effects (55)
Scrolls
 e - a scroll of amnesia {unknown}
 i - a scroll of fog {unknown}
 j - 3 scrolls of remove curse
 o - 5 scrolls of teleportation {unknown}
 p - 4 scrolls of immolation {unknown}
 q - 2 scrolls of blinking {unknown}
 y - 2 scrolls of magic mapping {unknown}
 z - a scroll of enchant weapon {unknown}
 A - a scroll of fear {unknown}
Potions
 b - 3 potions of heal wounds
 f - a potion of brilliance {unknown}
 g - a potion of agility {unknown}
 h - 2 potions of lignification
 m - a potion of degeneration {unknown}
 n - a potion of haste
 r - a potion of ambrosia
 s - a potion of berserk rage
 t - a potion of magic
 u - a potion of mutation {unknown}
 w - 2 potions of might {unknown}
 C - a potion of cancellation {unknown}
Comestibles
 c - 12 rations


   Skills:
 - Level 6.5 Fighting
 - Level 1.7 Dodging
 - Level 6.7 Unarmed Combat
 - Level 2.0 Spellcasting
 + Level 10.6 Transmutations
 - Level 3.0 Poison Magic


You had one spell level left.
You knew the following spells:

 Your Spells              Type           Power        Failure   Level  Hunger
a - Beastly Appendage     Tmut           ####..       10%         1    ##.....
b - Sticks to Snakes      Tmut           ####....     12%         2    ###....
c - Spider Form           Tmut/Pois      ###.......   30%         3    ####...
d - Blade Hands           Tmut           ####......   43%         5    ######.

Your spell library contained the following spells:

 Spells                   Type           Power        Failure   Level  Hunger
 Ice Form                 Ice/Tmut       ###.....     69%         4    #####..


Dungeon Overview and Level Annotations

Branches:
Dungeon (7/15)             Temple (1/1) D:6

Altars:
Ashenzari
Cheibriados
Dithmenos
Gozag
Kikubaaqudgha
Makhleb
Okawaru
Qazlal
Ru
Sif Muna
Trog
Uskayaw
Vehumet
Wu Jian
Xom
Yredelemnul

Shops:
D:6 (


Innate Abilities, Weirdness & Mutations

You can breathe blasts of fire.
Your fiery red scales are hard. (AC +7)
You cannot fit into any form of body armour.
Your flesh is heat resistant. (rF+)
You are cold-blooded and may be slowed by cold attacks.


Message History

You feel sick.
You shred the killer bee!!!
You kill the killer bee!
You feel sick.
You slash the killer bee! You tail-slap the killer bee.
The killer bee is severely wounded.
The killer bee misses you.
An orc comes into view. It is wielding a whip.
You slash the killer bee!
You kill the killer bee!
You feel sick.
You feel sick.
The orc warrior hits you but does no damage.
A scorpion comes into view.
Things that are here:
a war axe of flaming; a throwing net; a chain mail You slice the orc warrior!!
The orc warrior is almost dead.
The orc warrior hits you with a scimitar!!
You die...

##.#. ##(... #
##.(... .#
......y#####.#
#.o.oy)so...####.
##.o.o##oy(......
####. #o########
#. #o# #. #@# #.
#.######## #.
#(.......### #.
#######....###.#
.......#.......#
#######....#####
##.### #.# #.#


You could see 2 orc warriors, a scorpion, a killer bee, an orc wizard and an
orc.

Vanquished Creatures
  Harold (D:7)
  A two-headed ogre (D:7)
  Duvessa (D:5)
  2 ice beasts
  A black bear (D:6)
  An orc warrior (D:5)
  2 centaurs
  An ogre (D:5)
  2 bullfrogs (D:6)
  A scorpion (D:6)
  Dowan (D:5)
  3 killer bees (D:7)
  A howler monkey (D:5)
  A crimson imp (D:5)
  2 orc priests (D:6)
  2 bullfrog skeletons
  A worker ant (D:6)
  3 iguanas
  12 orc wizards
  Robin (D:4)
  A worker ant zombie (D:5)
  5 adders
  11 gnolls
  6 worms
  2 dart slugs (D:2)
  2 leopard geckos
  30 orcs
  2 bats
  6 giant cockroaches
  12 goblins
  8 hobgoblins
  8 jackals
  4 quokkas
  6 frilled lizards
  A jackal skeleton (D:4)
  3 kobolds
  A leopard gecko skeleton (D:5)
  6 rats
154 creatures vanquished.

Notes
Turn   | Place    | Note
-------+----------+-------------------------------------------
     0 | D:1      | Bapho the Draconian Transmuter began the quest for the Orb.
     0 | D:1      | Reached XP level 1. HP: 16/16 MP: 3/3
   661 | D:1      | Reached XP level 2. HP: 21/24 MP: 3/5
   699 | D:1      | Learned a level 2 spell: Sticks to Snakes
  1556 | D:2      | Reached XP level 3. HP: 24/30 MP: 4/6
  1816 | D:2      | Learned a level 3 spell: Spider Form
  2116 | D:3      | Reached skill level 1 in Poison Magic
  2468 | D:3      | Reached XP level 4. HP: 33/37 MP: 5/7
  2896 | D:3      | Reached skill level 3 in Transmutations
  3202 | D:3      | Found an opulent altar of Gozag.
  3298 | D:3      | Reached XP level 5. HP: 39/42 MP: 4/8
  3960 | D:4      | Found a burning altar of Makhleb.
  4000 | D:4      | Noticed Robin
  4022 | D:4      | Killed Robin
  4445 | D:4      | Reached XP level 6. HP: 51/51 MP: 5/9
  4866 | D:5      | Entered Level 5 of the Dungeon
  5141 | D:5      | Noticed an ice beast
  5156 | D:5      | Killed an ice beast
  5250 | D:5      | Found an iron altar of Okawaru.
  5250 | D:5      | Found an ornate altar of the Wu Jian Council.
  5288 | D:5      | Noticed Duvessa
  5288 | D:5      | Noticed Dowan
  5307 | D:5      | Killed Dowan
  5316 | D:5      | Killed Duvessa
  5316 | D:5      | Reached skill level 5 in Unarmed Combat
  5316 | D:5      | Your scales start taking on a fiery red colour.
  5316 | D:5      | Reached XP level 7. HP: 44/60 MP: 7/10
  5316 | D:5      | Gained mutation: Your flesh is heat resistant. (rF+) [Red
                  | Draconian growth]
  5599 | D:5      | Reached skill level 5 in Fighting
  5970 | D:6      | Reached XP level 8. HP: 54/70 MP: 6/11
  6184 | D:6      | Learned a level 5 spell: Blade Hands
  6316 | D:6      | Reached skill level 4 in Transmutations
  6504 | D:6      | Reached skill level 5 in Transmutations
  6605 | D:6      | Found Doexugor's Weapon Emporium.
  6737 | D:6      | Reached skill level 6 in Transmutations
  7056 | D:6      | Found a staircase to the Ecumenical Temple.
  7061 | Temple   | Entered the Ecumenical Temple
  7097 | Temple   | Became a worshipper of Ru the Awakened
  7461 | D:7      | Noticed a two-headed ogre
  7476 | D:7      | HP: 1/71 [two-headed ogre/giant club (19)]
  7483 | D:7      | Killed a two-headed ogre
  7483 | D:7      | Reached skill level 8 in Transmutations
  7483 | D:7      | Reached XP level 9. HP: 3/78 MP: 12/12
  8154 | D:7      | Noticed Harold
  8160 | D:7      | Reached skill level 9 in Transmutations
  8192 | D:7      | Killed Harold
  8192 | D:7      | Reached skill level 10 in Transmutations
  8197 | D:7      | Mangled by an orc warrior

Skill      XL: |  1  2  3  4  5  6  7  8  9 |
---------------+----------------------------+-----
Fighting       | 2 3 4 6 |  6.5
Poison Magic   | 1 2 3 |  3.0
Transmutations | 3 8 10 | 10.6
Unarmed Combat | 4 5 6 |  6.7
Dodging        | |  1.7
Spellcasting   | |  2.0

Action                   |  1- 3 |  4- 6 |  7- 9 || total
-------------------------+-------+-------+-------++-------
Melee: Unarmed           |   121 |   190 |   211 ||   522
       Kick              |     9 |     1 |       ||    10
       Headbutt          |     6 |       |     1 ||     7
       Tailslap          |    13 |     6 |     7 ||    26
       Punch             |       |     2 |     1 ||     3
Throw: Stone             |    53 |    72 |    20 ||   145
 Cast: Beastly Appendage |    23 |    10 |     2 ||    35
       Spider Form       |       |    16 |    20 ||    36
       Blade Hands       |       |       |     3 ||     3
 Abil: Breathe Fire      |       |       |     3 ||     3
  Use: Scroll            |       |     3 |     2 ||     5
       Potion            |       |       |     2 ||     2
 Stab: Sleeping          |       |       |     1 ||     1
  Eat: Chunk             |     5 |    12 |     8 ||    25
       Ration            |       |       |     1 ||     1
Armor: Skin              |    25 |    29 |    24 ||    78
Dodge: Dodged            |    71 |   116 |   134 ||   321
